 Dungeon Crawl Stone Soup version 0.23-a0-78-gc252fe1 (console) character file.

1325 nht the Chucker (level 8, -6/70 HPs)
             Began as a Troll Hunter on Aug 10, 2018.
             Was a Follower of Hepliaklqana.
             Mangled by a wight
             ... wielding a cursed +0 war axe
              (9 damage)
             ... on level 6 of the Dungeon.
             The game lasted 00:06:35 (4285 turns).

nht the Chucker (Troll Hunter)                      Turns: 4285, Time: 00:06:35

Health: -6/70      AC:  8    Str: 23    XL:     8   Next: 34%
Magic:  7/7        EV:  7    Int:  7    God:    Hepliaklqana [*.....]
Gold:   399        SH:  8    Dex: 10    Spells: 7/7 levels left

rFire    . . .     SeeInvis .     - Unarmed
rCold    . . .     Gourm    +   q - +0 shield
rNeg     . . .     Faith    .   b - +1 robe
rPois    +         Spirit   .   (helmet restricted)
rElec    .         Reflect  .   s - +1 cloak {rPois}
rCorr    .         Harm     .   (gloves unavailable)
MR       .....                  (boots unavailable)
Stlth    +.........             (no amulet)
HPRegen  0.61/turn              (no ring)
MPRegen  0.10/turn              (no ring)

@: flying, heavily drained
A: large, unfitting armour, reduced essence, claws 3, fast metabolism 3,
gourmand, regeneration 1, shaggy fur 1, tough skin 2
a: Recall Ancestor, Ancestor Identity, Renounce Religion


You were on level 6 of the Dungeon.
You worshipped Hepliaklqana.
Hepliaklqana was aware of your devotion.
You were very full.

You visited 1 branch of the dungeon, and saw 6 of its levels.

You collected 399 gold pieces.

Inventory:

Hand Weapons
 a - a +0 short sword
Missiles
 c - 7 large rocks (quivered)
 d - 4 throwing nets
 v - 3 tomahawks
Armour
 b - a +1 robe (worn)
 q - a +0 shield (worn)
 s - a +1 cloak of poison resistance (worn)
Jewellery
 t - an uncursed ring of see invisible {unknown}
 x - a cursed ring of teleportation {unknown}
Wands
 e - a wand of random effects (27)
 r - a wand of disintegration (17)
Scrolls
 i - a scroll of enchant armour
 j - 2 scrolls of teleportation
 n - a scroll of remove curse
 p - 2 scrolls of immolation
 w - 2 scrolls of identify
Potions
 g - 3 potions of curing
 k - a potion of agility
 l - a potion of ambrosia
 m - a potion of haste
 u - a potion of might
 z - a potion of resistance
 A - a potion of heal wounds
Comestibles
 f - 10 rations


   Skills:
 + Level 3.8(2.5) Fighting
 - Level 6.1(4.7) Throwing
 - Level 1.5(0.3) Dodging
 - Level 0.3(0.0) Stealth
 + Level 3.3(2.0) Shields
 * Level 5.9(4.5) Unarmed Combat


You had 7 spell levels left.
You didn't know any spells.
Your spell library was empty.

Dungeon Overview and Level Annotations

Branches:
Dungeon (6/15)
 Temple: D:4-7

Altars:
Dithmenos
Fedhas
Hepliaklqana
Xom


Innate Abilities, Weirdness & Mutations

You are too large for most types of armour.
You have claws for hands.
Your metabolism is lightning-fast.
You like to eat raw meat.
Your natural rate of healing is unusually fast.
You are covered in fur. (AC +1)
You have very tough skin. (AC +2)
Your life essence is reduced to manifest your ancestor. (-10% HP)


Message History

There are monsters nearby!
You are too injured to fight recklessly!
You are too injured to fight recklessly!
You are too injured to fight recklessly!
You block the wight's attack.
Melek barely misses the wight.
Items here: )) [[ a falchion of slicing; a robe; a great sword; a robe It was a potion of magic.
Magic courses through your body. The wight hits you with a war axe!
* * * LOW HITPOINT WARNING * * *
The wight barely misses Melek.
Melek hits the wight.
The wight closely misses Melek.
It was a potion of flight.
You feel very buoyant.
You fly up into the air.
You block the wight's attack.
The wight closely misses Melek.
Melek barely misses the wight.
You scratch the wight.
You destroy the wight!
Melek hits the wight.
The wight hits you with a war axe!
You die... █......... ██........ █........ █.██.████ ███..█.██ ███████

█.......█ █.....█
█.......█ █.....█
█.......█ █.....█
██.......█ █@....█
.........█ █z)...█
.........███████R....█
...████>.............█
...█ █.████████.....█
...█ █.█ █.....█ ...█
█.█ █.█████ ...█ █.█
█.█


████ █.█ █.█ You could see the friendly Melek the ancestor and a wight.

Vanquished Creatures
  A hungry ghost (D:5)
  A sky beast (D:5)
  2 phantoms (D:4)
  An ogre (D:5)
  A scorpion (D:6)
  3 wights (D:6)
  A jelly (D:5)
  Crazy Yiuf (D:3)
  An orc wizard (D:4)
  Natasha (thrice) (D:3)
  2 iguanas
  7 worker ants
  Robin (D:3)
  4 gnolls (D:3)
  10 adders
  A shadow imp (D:5)
  An ooze (D:1)
  A worm (D:2)
  4 dart slugs
  3 leopard geckos
  9 orcs
  7 giant cockroaches
  14 hobgoblins
  11 jackals
  A quokka (D:2)
  A ball python zombie (D:5)
  5 bats
  3 frilled lizards
  19 goblins
  A jackal skeleton (D:5)
  9 kobolds
  4 rats
133 creatures vanquished.

Notes
Turn   | Place    | Note
-------+----------+-------------------------------------------
     0 | D:1      | nht the Troll Hunter began the quest for the Orb.
     0 | D:1      | Reached XP level 1. HP: 19/19 MP: 0/0
    75 | D:1      | Reached skill level 4 in Throwing
    87 | D:1      | Reached XP level 2. HP: 10/27 MP: 1/1
   267 | D:1      | Reached XP level 3. HP: 33/33 MP: 2/2
   862 | D:2      | Reached skill level 5 in Throwing
  1175 | D:2      | Reached XP level 4. HP: 36/41 MP: 3/3
  1524 | D:3      | Reached XP level 5. HP: 14/48 MP: 4/4
  1620 | D:3      | Noticed Natasha
  1629 | D:3      | Killed Natasha
  1629 | D:3      | Reached skill level 6 in Throwing
  1782 | D:3      | Noticed Natasha
  1796 | D:3      | Killed Natasha
  2009 | D:3      | Reached skill level 1 in Unarmed Combat
  2036 | D:3      | Noticed Robin
  2058 | D:3      | Killed Robin
  2058 | D:3      | HP: 1/49 [hobgoblin[Robin] (7)]
  2198 | D:3      | Noticed Natasha
  2204 | D:3      | Killed Natasha
  2204 | D:3      | Reached XP level 6. HP: 56/57 MP: 5/5
  2279 | D:3      | Found a runed door.
  2496 | D:3      | Noticed Crazy Yiuf
  2514 | D:3      | Killed Crazy Yiuf
  2514 | D:3      | Reached skill level 1 in Shields
  2886 | D:4      | Reached XP level 7. HP: 66/66 MP: 6/6
  3455 | D:5      | Entered Level 5 of the Dungeon
  3497 | D:5      | Noticed a hungry ghost
  3530 | D:5      | Killed a hungry ghost
  3666 | D:5      | Reached skill level 5 in Unarmed Combat
  3856 | D:5      | Reached XP level 8. HP: 75/75 MP: 7/7
  4064 | D:5      | Found a blossoming altar of Fedhas.
  4064 | D:5      | Found a faded altar of an unknown god.
  4071 | D:5      | Found a shadowy altar of Dithmenos.
  4073 | D:5      | Found a shimmering altar of Xom.
  4075 | D:5      | Found a faded altar of an unknown god.
  4130 | D:5      | Became a worshipper of Hepliaklqana the Forgotten
  4130 | D:5      | Reached * piety under Hepliaklqana
  4283 | D:6      | HP: 1/70 [wight/war axe (7)]
  4285 | D:6      | Mangled by a wight

Vault maps used:
D:1:      lightli_arrival_statuegarden, grunt_decor_cap, patterned_corridor
D:2:      minmay_diamond_boxcup
D:3:      kennysheep_goblin_castle, grunt_ministairs_5, uniq_crazy_yiuf_cottage,
          uniq_natasha
D:4:      first_ration
D:5:      chequers_temple_overflow_minitemple
D:6:      tso_oasis_becter, uniq_prince_ribbit1

Skill      XL: |  1  2  3  4  5  6  7  8 |
---------------+-------------------------+-----
Throwing       | 4 5 6 |  6.1
Unarmed Combat | 1 3 5 |  5.9
Fighting       | 2 3 |  3.8
Shields        | 1 2 3 |  3.3
Dodging        | |  1.5
Stealth        | |  0.3

Action                   |  1- 3 |  4- 6 |  7- 9 || total
-------------------------+-------+-------+-------++-------
Melee: Unarmed           |   142 |   235 |   188 ||   565
       Short sword       |     2 |       |       ||     2
Throw: Large rock        |       |     4 |       ||     4
  Use: Scroll            |     6 |     6 |       ||    12
       Potion            |       |     4 |     2 ||     6
 Stab: Sleeping          |     1 |     2 |     1 ||     4
       Distracted        |       |       |     1 ||     1
  Eat: Chunk             |    16 |    17 |    17 ||    50
       Ration            |       |       |     2 ||     2
Armor: Robe              |    66 |    89 |    63 ||   218
Dodge: Dodged            |    98 |   122 |    48 ||   268
Block: Shield            |       |    71 |    62 ||   133

Table legend:
 A = Non-vault XP
 B = Vault XP
 C = Vault XP percentage of total XP
 D = Non-vault monster count
 E = Vault monster count
 F = Vault count percentage of total count
 G = Total turns spent on level
                 A         B        C        D         E       F
            +---------+---------+-------+---------+---------+-------
      Total |    1709 |     184 |   9.7 |     101 |      32 |  24.1
            +---------+---------+-------+---------+---------+-------
        D:1 |      61 |       0 |   0.0 |      30 |       0 |   0.0
        D:2 |      59 |      26 |  30.6 |      17 |       8 |  32.0
        D:3 |     151 |     158 |  51.1 |      12 |      24 |  66.7
        D:4 |     504 |       0 |   0.0 |      20 |       0 |   0.0
        D:5 |     589 |       0 |   0.0 |      15 |       0 |   0.0
        D:6 |     345 |       0 |   0.0 |       7 |       0 |   0.0
            +---------+---------+-------+---------+---------+-------
